 Dungeon Crawl Stone Soup version 0.19-a0-734-ge18daf0 (webtiles) character file.

140 George the Chopper (level 5, -3/45 HPs)
             Began as a Hill Orc Fighter on June 22, 2016.
             Slain by an iguana (10 damage)
             ... on level 4 of the Dungeon.
             The game lasted 00:03:04 (2543 turns).

George the Chopper (Hill Orc Fighter)               Turns: 2543, Time: 00:03:05

Health: -3/45      AC:  6    Str: 20    XL:     5   Next: 23%
Magic:  5/5        EV:  7    Int:  8    God:
Gold:   172        SH:  9    Dex: 10    Spells: 0 memorised, 4 levels left

rFire  . . .     SeeInvis .     a - +0 war axe
rCold  . . .     Gourm    .     b - +0 scale mail
rNeg   . . .     Faith    .     c - +0 shield
rPois  .         Spirit   .     (no helmet)
rElec  .         Dismiss  .     (no cloak)
rCorr  .         Reflect  .     (no gloves)
SustAt .         Harm     .     (no boots)
MR     .....                    (no amulet)
Stlth  ..........               (no ring)
                                (no ring)

@: not resistant to hostile enchantments, extremely unstealthy
A: no striking features
a: no special abilities


You were on level 4 of the Dungeon.
You were hungry.

You visited 1 branch of the dungeon, and saw 4 of its levels.

You collected 172 gold pieces.

Inventory:

Hand Weapons
 a - a +0 war axe (weapon)
Missiles
 v - a throwing net (quivered)
Armour
 b - a +0 scale mail (worn)
 c - a +0 shield (worn)
Wands
 x - a wand of lightning (8/15)
Scrolls
 g - 6 scrolls of identify {unknown}
 i - 2 scrolls of random uselessness {unknown}
 k - a scroll of enchant armour {unknown}
 l - a scroll of magic mapping {unknown}
 n - 2 scrolls of fog {unknown}
 p - a scroll of blinking {unknown}
 q - 2 scrolls of fear {unknown}
 r - a scroll of amnesia {unknown}
 t - a scroll of remove curse {unknown}
 w - a scroll of teleportation {unknown}
Potions
 d - 2 potions of might
 e - a potion of brilliance {unknown}
 h - 2 potions of mutation {unknown}
 j - a potion of curing {unknown}
 m - a potion of ambrosia {unknown}
Comestibles
 f - 2 bread rations
 o - a chunk of flesh
 s - a beef jerky
 u - a slice of pizza


   Skills:
 - Level 3.6 Fighting
 + Level 6.9 Axes
 - Level 3.2 Armour
 - Level 3.2 Shields


You had 4 spell levels left.
You didn't know any spells.

Dungeon Overview and Level Annotations

Branches:
Dungeon (4/15)
 Temple: D:4-7

Altars:
Makhleb
Nemelex Xobeh


Message History

You barely miss the iguana.
The iguana is moderately wounded.
You block the iguana's attack.
You hit the iguana.
The iguana is heavily wounded.
The iguana bites you but does no damage.
You hit the iguana.
The iguana is almost dead.
You block the iguana's attack. x2
You closely miss the iguana.
The iguana is almost dead.
The iguana bites you.
* * * LOW HITPOINT WARNING * * *
You closely miss the iguana.
The iguana is almost dead.
The iguana bites you but does no damage.
You barely miss the iguana.
The iguana is almost dead.
The iguana bites you!
You die...

....%.......#
......##....#
........#.<#..#
.?......#.## ..#
........#.# ...
#.....S..# #..
##.....S## .
...##.##l##..##
.......@........
......#..8..#..#
..... ##.?.##
.... ##### ...
!. .


You could see an iguana and an adder.

Vanquished Creatures
  A hound (D:4)
  Ijyb (D:3)
  A gnoll (D:1)
  An ooze (D:3)
  2 worms
  2 dart slugs
  2 giant geckos
  3 orcs (D:3)
  3 ball pythons
  2 bats (D:2)
  2 giant cockroaches (D:3)
  9 hobgoblins
  A giant gecko skeleton (D:4)
  10 giant newts (D:1)
  4 goblins
  10 kobolds
  5 rats
59 creatures vanquished.

Notes
Turn   | Place    | Note
--------------------------------------------------------------
     0 | D:1      | George the Hill Orc Fighter began the quest for the Orb.
     0 | D:1      | Reached XP level 1. HP: 19/19 MP: 1/1
   250 | D:1      | Reached skill level 3 in Axes
   384 | D:1      | Reached XP level 2. HP: 26/26 MP: 2/2
   590 | D:1      | Reached skill level 4 in Axes
   767 | D:1      | Reached XP level 3. HP: 31/31 MP: 3/3
  1078 | D:2      | Reached skill level 5 in Axes
  1674 | D:3      | Noticed Ijyb
  1689 | D:3      | Killed Ijyb
  1689 | D:3      | Reached XP level 4. HP: 27/39 MP: 4/4
  1788 | D:3      | Reached skill level 6 in Axes
  1804 | D:3      | Found a burning altar of Makhleb.
  2151 | D:3      | Found a sparkling altar of Nemelex Xobeh.
  2530 | D:4      | Reached XP level 5. HP: 12/45 MP: 5/5
  2543 | D:4      | Slain by an iguana

Vault maps used:
D:1:      wheals_arrival_shading, minmay_lizard_king
D:3:      lemuel_doored_altar, bloody_makhleb, uniq_iyjb
D:4:      kennysheep_mini_moat, nicolae_tso_besieged_by_evil,
          okawaru_altar_gauntlet_db, first_bread, mrwooster_statue_mirror,
          grunt_gozag_breadcrumbs

Skill      XL: |  1  2  3  4 |
---------------+-------------+-----
Axes           | 3 4 5 6 |  6.9
Fighting       | |  3.6
Armour         | |  3.2
Shields        | |  3.2

Action                   |  1- 3 |  4- 6 || total
-------------------------+-------+-------++-------
Melee: War axe           |   144 |    67 ||   211
  Eat: Chunk             |     3 |     2 ||     5
Armor: Scale mail        |    56 |    19 ||    75
Dodge: Dodged            |    37 |    14 ||    51
Block: Shield            |    58 |    34 ||    92
